 Dungeon Crawl Stone Soup version bcrawl-1.35.5c (webtiles) character file.

Game seed: 17981649736825410044

144151 Danton1414 the Grave Robber (level 6, -7/42 HPs)
             Began as a Demonspawn Necromancer on Mar 18, 2022.
             Was an Initiate of Ru.
             Mangled by a bullfrog (10 damage)
             ... on level 4 of the Dungeon.
             The game lasted 00:20:40 (4142 turns).

Danton1414 the Grave Robber (DsNe)                  Turns: 4142, Time: 00:20:40

Health: -7/42      AC:  5    Str:  8    XL:     6   Next: 30%
Magic:  6/12       EV: 12    Int: 18    God:    Ru [......]
Gold:   340        SH:  0    Dex: 14    Spells: 11/13 levels left

rFire    + . .     SeeInvis .   o - +2 dagger (drain)
rCold    . . .     Gourm    .   (no shield)
rNeg     . . .     Faith    .   h - +0 robe
rPois    .         Spirit   .   n - +0 helmet
rElec    .         Reflect  .   (no cloak)
rCorr    .                      (no gloves)
MR       .....                  (no boots)
Stlth    ++........             (no amulet)
HPRegen  0.14/turn              (no ring)
MPRegen  0.13/turn              (no ring)

@: no status effects
A: talons 1, iridescent scales 1, fire resistance 1
a: Renounce Religion


You were on level 4 of the Dungeon.
You worshipped Ru.
Ru was noncommittal.
You were not hungry.

You visited 1 branch of the dungeon, and saw 4 of its levels.

You collected 340 gold pieces.

Inventory:

Hand Weapons
 a - a +1 dagger
 o - a +2 dagger of draining (weapon)
 s - a +1 dagger of venom
Missiles
 d - 804 stones (quivered)
Armour
 b - a +0 robe
 h - a +0 robe (worn)
 n - a +0 helmet (worn)
 p - a +0 helmet
 r - a +0 cloak
Wands
 q - a wand of paralysis (11)
Scrolls
 c - 5 scrolls of enchant armour {unknown}
 f - a scroll of enchant weapon {unknown}
 g - 4 scrolls of teleportation {unknown}
 i - 2 scrolls of identify
 j - 2 scrolls of remove curse {unknown}
 k - 3 scrolls of blinking {unknown}
Potions
 l - 3 potions of degeneration {unknown}
 m - a potion of heal wounds {unknown}
 t - 2 potions of curing {unknown}
Comestibles
 e - 3 rations {!d}


   Skills:
 + Level 0.5 Fighting
 + Level 0.4 Short Blades
 + Level 2.2 Dodging
 + Level 2.7 Stealth
 + Level 4.0 Spellcasting
 + Level 6.4 Necromancy


You had 11 spell levels left.
You knew the following spells:

 Your Spells              Type           Power        Failure   Level  Hunger
a - Pain                  Necr           ####..       1%          1    None
b - Animate Skeleton      Necr           N/A          1%          1    None

Your spell library contained the following spells:

 Spells                   Type           Power        Failure   Level  Hunger
 Vampiric Draining        Necr           ####......   3%          3    ###....
 Agony                    Necr           ####....     11%         4    #####..
 Animate Dead             Necr           N/A          11%         4    #####..
 Dispel Undead            Necr           ####....     28%         5    ######.


Dungeon Overview and Level Annotations

Branches:
Dungeon (4/12)
 Temple: D:4-7

Altars:
Dithmenos
Nemelex Xobeh
Ru
Xom
The Shining One


Innate Abilities, Weirdness & Mutations

You have sharp toenails.
You are partially covered in iridescent scales. (AC +2)
Your flesh is heat resistant. (rF+)


Message History

Press: ? - help, Shift-Dir - straight line, f/p - worker ant
Aim: a worker ant (heavily wounded, chance to defeat MR: 89%)
The worker ant writhes in agony!
The crimson imp shouts!
The bullfrog hits you. The worker ant closely misses you.
Casting: Pain (safe; 1% risk of failure)
Confirm with . or Enter, or press ? or * to list all spells.
Aiming: Pain (safe; 1% risk of failure)
Press: ? - help, Shift-Dir - straight line, f/p - worker ant
Aim: a worker ant (almost dead, chance to defeat MR: 89%)
The worker ant writhes in agony!
You kill the worker ant!
The bullfrog hits you. The bullfrog hits you!
* * * LOW HITPOINT WARNING * * *
The quokka bites you.
* * * LOW HITPOINT WARNING * * *
Your Spellcasting skill increases to level 4!
You hear a grinding noise.
The bullfrog hits you!
You die...

. .## #...# .. ..# #.<.# ..
#.# #...# .. #.# #...# #.
#.# #...#######
##.##.###.###..≈....#.#
........h..###+#≈#..#.#####
######5.Oa.## .#...........
......#rF@.# .###...####..
##########.##.# #...#
#..#.# #...#
###.#.###...####.
#................
#######....####.######.
#..........## #.#
#........#..# #.#
#........##.# #.#


You could see an ogre, a bullfrog, a worker ant, a crimson imp, a quokka and a
jackal.

Vanquished Creatures
  A sky beast (D:4)
  2 worker ants
  Robin (D:2)
  2 adders
  An ooze (D:1)
  An adder skeleton (D:3)
  A worm (D:2)
  5 leopard geckos
  7 orcs (D:3)
  2 giant cockroaches
  15 goblins
  9 hobgoblins
  4 jackals (D:1)
  12 kobolds
  3 quokkas
  2 ball pythons
  3 bats
  2 frilled lizards
  3 rats (D:2)
76 creatures vanquished.

Vanquished Creatures (collateral kills)
  A bullfrog skeleton (D:2)
  Jessica (D:2)
  A worm (D:1)
  A dart slug (D:1)
  A leopard gecko (D:1)
  2 orcs (D:3)
  A giant cockroach (D:3)
  2 goblins
10 creatures vanquished.

Grand Total: 86 creatures vanquished

Notes
Turn   | Place    | Note
-------+----------+-------------------------------------------
     0 | D:1      | Danton1414 the Demonspawn Necromancer began the quest for
                  | the Orb.
     0 | D:1      | Reached XP level 1. HP: 13/13 MP: 3/3
   120 | D:1      | Gained mutation: You are partially covered in iridescent
                  | scales. (AC +2) [demonic ancestry]
   120 | D:1      | Reached XP level 2. HP: 8/19 MP: 1/5
   441 | D:1      | Reached skill level 5 in Necromancy
   675 | D:1      | Reached XP level 3. HP: 17/24 MP: 0/6
  1645 | D:2      | Found a shimmering altar of Xom.
  1869 | D:2      | Noticed Robin
  1953 | D:2      | Killed Robin
  1954 | D:2      | Reached XP level 4. HP: 5/30 MP: 2/7
  2248 | D:2      | Found a sparkling altar of Nemelex Xobeh.
  2251 | D:2      | Noticed Jessica
  2260 | D:2      | Killed Jessica
  2431 | D:2      | Found a shadowy altar of Dithmenos.
  2553 | D:2      | Gained mutation: Your flesh is heat resistant. (rF+)
                  | [demonic ancestry]
  2553 | D:2      | Reached XP level 5. HP: 34/35 MP: 7/9
  2957 | D:3      | Found a sacrificial altar of Ru.
  2981 | D:3      | Became a worshipper of Ru the Awakened
  3091 | D:3      | Found a glowing golden altar of the Shining One.
  3153 | D:3      | Reached skill level 6 in Necromancy
  4042 | D:4      | Noticed a sky beast
  4057 | D:4      | Killed a sky beast
  4058 | D:4      | Gained mutation: You have sharp toenails. [demonic
                  | ancestry]
  4058 | D:4      | Reached XP level 6. HP: 41/42 MP: 7/11
  4142 | D:4      | Mangled by a bullfrog

Skill      XL: |  1  2  3  4  5  6 |
---------------+-------------------+-----
Necromancy     | 5 6 |  6.4
Dodging        | 2 |  2.2
Spellcasting   | 3 4 |  4.0
Fighting       | |  0.5
Short Blades   | |  0.4
Stealth        | |  2.7

Action                   |  1- 3 |  4- 6 || total
-------------------------+-------+-------++-------
Melee: Dagger            |    38 |    64 ||   102
 Cast: Pain              |    64 |    75 ||   139
       Animate Skeleton  |    13 |    19 ||    32
  Use: Potion            |     1 |       ||     1
  Eat: Chunk             |     4 |     5 ||     9
       Ration            |     1 |     1 ||     2
Armor: Robe              |    22 |    27 ||    49
       Skin              |     9 |       ||     9
Dodge: Dodged            |    60 |    68 ||   128
